ITL
LOUISVILLE BATS @ TRENTON STARS
06/02/2028
 
TOP OF THE 1ST
Louisville Bats batting - Pitching for Trenton Stars : RHP Darrell Stanley
Pitching: RHP Darrell Stanley
Batting: LHB Ramón Morales 0-0: Ball
1-0: Swinging Strike
1-1: Swinging Strike
1-2: Ball
2-2: Foul Ball, location: 2F
2-2: Ball
3-2: Foul Ball, location: 2F
3-2: Foul Ball, location: 2F
3-2: Base on Balls
Batting: RHB Dick Slagboom 0-0: Ball
1-0: Foul Ball, location: 2F
1-1: Ball
2-1: Swinging Strike
2-2: Foul Ball, location: 2F
2-2: SINGLE (Groundball, 56D)
Ramón Morales to second
Batting: RHB Jesús Cabrera 0-0: Called Strike
0-1: Foul Ball, location: 2F
0-2: Foul Ball, location: 2F
0-2: Strikes out swinging
Batting: RHB Eric Thompson 0-0: Called Strike
Throwing error on steal attempt, E2
Ramón Morales scores
Dick Slagboom to third
0-1: Ball
1-1: Ball
2-1: Ground out 4-3 (Groundball, 4D)
Dick Slagboom scores
Batting: LHB Alex Henderson 0-0: Ball
1-0: Reached on error, E4 (Groundball, 4)
Batting: RHB John Denton 0-0: Ball
1-0: Ball
2-0: Called Strike
2-1: Ball
3-1: Base on Balls
Batting: SHB Bob Warren 0-0: Called Strike
0-1: Ball
1-1: Ball
2-1: Swinging Strike
2-2: Ball
Wild Pitch!
Alex Henderson to third
John Denton to second
3-2: Strikes out looking
Top of the 1st over - 2 run(s), 1 hit(s), 2 error(s), 2 left on base; Louisville 2 - Trenton 0
BOTTOM OF THE 1ST
Trenton Stars batting - Pitching for Louisville Bats : LHP George Moore
Pitching: LHP George Moore
Batting: SHB Nick Marshall 0-0: Ball
1-0: Called Strike
1-1: Foul Ball, location: 2F
1-2: Foul Ball, location: 2F
1-2: SINGLE (Line Drive, 56D)
Batting: LHB Ju-wei Shiu 0-0: Called Strike
0-1: Foul Ball, location: 2F
0-2: DOUBLE (Line Drive, 5D)
Nick Marshall to third
Batting: RHB Randy Simons 0-0: Foul Ball, location: 2F
0-1: Ground out 5-3 (Groundball, 25)
Nick Marshall scores
Ju-wei Shiu to third
Batting: RHB Rafael Canales 0-0: Ball
1-0: Ball
2-0: Foul Ball, location: 2F
2-1: DOUBLE (Groundball, 5L)
Ju-wei Shiu scores
Batting: LHB Ricardo Brandariz 0-0: Ball
1-0: Foul Ball, location: 2F
1-1: Ball
2-1: Swinging Strike
2-2: Foul Ball, location: 2F
2-2: Ground out 6-3 (Groundball, 6)
Batting: RHB Jesús Dávila 0-0: Foul Ball, location: 2F
0-1: Ground out 5-3 (Groundball, 56S)
Bottom of the 1st over - 2 run(s), 3 hit(s), 0 error(s), 1 left on base; Louisville 2 - Trenton 2
TOP OF THE 2ND
Louisville Bats batting - Pitching for Trenton Stars : RHP Darrell Stanley
Batting: RHB Shawn Marshall 0-0: Called Strike
0-1: Ball
1-1: Ball
2-1: Foul Ball, location: 2F
2-2: Ball
3-2: Strikes out swinging
Batting: RHB Enrico Ramos 0-0: Called Strike
0-1: Ball
1-1: SINGLE (Groundball, 6MD)
Batting: LHB Ramón Morales 0-0: Ball
1-0: Ball
2-0: Called Strike
2-1: Foul Ball, location: 2F
2-2: Strikes out swinging
Batting: RHB Dick Slagboom 0-0: Ball
1-0: Called Strike
1-1: Called Strike
1-2: Ball
2-2: Ball
3-2: Base on Balls
Enrico Ramos to second
Batting: RHB Jesús Cabrera 0-0: Fly out, F6 (Line Drive, 6)
Top of the 2nd over - 0 run(s), 1 hit(s), 0 error(s), 2 left on base; Louisville 2 - Trenton 2
BOTTOM OF THE 2ND
Trenton Stars batting - Pitching for Louisville Bats : LHP George Moore
Batting: LHB Jeff Gordon 0-0: Ball
1-0: Called Strike
1-1: Ball
2-1: Foul Ball, location: 2F
2-2: SINGLE (Groundball, 4MD)
Batting: RHB Chris Cole 0-0: Called Strike
0-1: SINGLE (Line Drive, 89M)
Jeff Gordon to second
Batting: RHB Kenji Murayama 0-0: Called Strike
0-1: SINGLE (Groundball, 6MD)
Jeff Gordon to third
Chris Cole to second
Runner from 3rd tries for Home, SAFE, throw made home
Chris Cole to third
Kenji Murayama to second
Batting: SHB Nick Marshall 0-0: Foul Ball, location: 2F
0-1: Ball
1-1: Foul Ball, location: 2F
1-2: Ball
2-2: Ball
3-2: Base on Balls
Batting: LHB Ju-wei Shiu 0-0: Called Strike
0-1: Ball
1-1: Called Strike
1-2: Strikes out swinging
Batting: RHB Randy Simons 0-0: Ball
1-0: Ball
2-0: Ball
3-0: Base on Balls
Chris Cole scores
Kenji Murayama to third
Nick Marshall to second
Batting: RHB Rafael Canales 0-0: Ball
1-0: Called Strike
1-1: Ball
2-1: Swinging Strike
2-2: Foul Ball, location: 2F
2-2: DOUBLE (Line Drive, 8RD)
Kenji Murayama scores
Nick Marshall scores
Randy Simons to third
Batting: LHB Ricardo Brandariz 0-0: Ball
1-0: Ground out 6-3 (Groundball, 6)
Randy Simons scores
Pitching: RHP Manny Canseco
Batting: RHB Jesús Dávila 0-0: Ball
1-0: Ball
2-0: Called Strike
2-1: Foul Ball, location: 2F
2-2: Foul Ball, location: 2F
2-2: SINGLE (Groundball, 34D)
Rafael Canales to third
Runner from 3rd tries for Home, SAFE, throw made home
Batting: LHB Jeff Gordon 0-0: 2-RUN HOME RUN (Flyball, 7LD), Distance : 358 ft
Batting: RHB Chris Cole 0-0: Fly out, F8 (Flyball, 8RS)
Bottom of the 2nd over - 8 run(s), 6 hit(s), 0 error(s), 0 left on base; Louisville 2 - Trenton 10
TOP OF THE 3RD
Louisville Bats batting - Pitching for Trenton Stars : RHP Darrell Stanley
Batting: RHB Eric Thompson 0-0: Ball
1-0: Foul Ball, location: 2F
1-1: Foul Ball, location: 2F
1-2: Strikes out swinging
Batting: LHB Alex Henderson 0-0: Called Strike
0-1: Called Strike
0-2: Ball
1-2: Ball
2-2: Foul Ball, location: 2F
2-2: Ball
3-2: Base on Balls
Batting: RHB John Denton 0-0: SINGLE (Flyball, 9S)
Alex Henderson to second
Runner from 2nd tries for 3rd, SAFE, throw made to third
Batting: SHB Bob Warren 0-0: Ball
John Denton steals 2nd base
1-0: SINGLE (Groundball, 34D)
Alex Henderson scores
John Denton to third
Batting: RHB Shawn Marshall 0-0: Foul Ball, location: 2F
0-1: SINGLE (Groundball, 6MD)
John Denton scores
Bob Warren to second
Batting: RHB Enrico Ramos 0-0: Foul Ball, location: 2F
0-1: Foul Ball, location: 2F
0-2: Ground out 5-3 (Groundball, 25)
Bob Warren to third
Shawn Marshall to second
Batting: LHB Ramón Morales 0-0: Ball
1-0: Foul Ball, location: 2F
1-1: Foul Ball, location: 2F
1-2: Ball
2-2: Ball
3-2: Foul Ball, location: 2F
3-2: Base on Balls
Batting: RHB Dick Slagboom 0-0: Called Strike
0-1: Ball
1-1: Foul Ball, location: 2F
1-2: Ball
2-2: Ball
3-2: Fly out, F3 (Popup, 3D)
Top of the 3rd over - 2 run(s), 3 hit(s), 0 error(s), 3 left on base; Louisville 4 - Trenton 10
BOTTOM OF THE 3RD
Trenton Stars batting - Pitching for Louisville Bats : RHP Manny Canseco
Batting: RHB Kenji Murayama 0-0: Ball
1-0: Ball
2-0: Fly out, F9 (Flyball, 9S)
Batting: SHB Nick Marshall 0-0: Ball
1-0: Called Strike
1-1: Ball
2-1: Swinging Strike
2-2: Foul Ball, location: 2F
2-2: Ground out 4-3 (Groundball, 34)
Batting: LHB Ju-wei Shiu 0-0: Called Strike
0-1: Ground out U3 (Groundball, 34)
Bottom of the 3rd over - 0 run(s), 0 hit(s), 0 error(s), 0 left on base; Louisville 4 - Trenton 10
TOP OF THE 4TH
Louisville Bats batting - Pitching for Trenton Stars : RHP Darrell Stanley
Batting: RHB Jesús Cabrera 0-0: Called Strike
0-1: Called Strike
0-2: Ball
1-2: Foul Ball, location: 2F
1-2: Strikes out swinging
Batting: RHB Eric Thompson 0-0: Ball
1-0: Foul Ball, location: 2F
1-1: Foul Ball, location: 2F
1-2: Ball
2-2: Fly out, F6 (Line Drive, 6)
Batting: LHB Alex Henderson 0-0: Ball
1-0: Fly out, F4 (Popup, 34D)
Top of the 4th over - 0 run(s), 0 hit(s), 0 error(s), 0 left on base; Louisville 4 - Trenton 10
BOTTOM OF THE 4TH
Trenton Stars batting - Pitching for Louisville Bats : RHP Manny Canseco
Batting: RHB Randy Simons 0-0: Ball
1-0: Ball
2-0: Ball
3-0: Base on Balls
Batting: RHB Rafael Canales 0-0: Ball
1-0: Ball
2-0: Swinging Strike
2-1: Swinging Strike
2-2: Strikes out swinging
Batting: LHB Ricardo Brandariz 0-0: Called Strike
0-1: Ball
1-1: Called Strike
1-2: Ball
2-2: Ball
3-2: Strikes out swinging
Batting: RHB Jesús Dávila 0-0: Fly out, F9 (Flyball, 9LDF)
Bottom of the 4th over - 0 run(s), 0 hit(s), 0 error(s), 1 left on base; Louisville 4 - Trenton 10
TOP OF THE 5TH
Louisville Bats batting - Pitching for Trenton Stars : RHP Darrell Stanley
Pitching: RHP Bartolo Rodríguez
Batting: RHB John Denton 0-0: Called Strike
0-1: Foul Ball, location: 2F
0-2: SINGLE (Flyball, 89S)
Batting: SHB Bob Warren 0-0: SINGLE (Flyball, 9S)
John Denton to second
Runner from 2nd tries for 3rd, SAFE, no throw
Batting: RHB Shawn Marshall 0-0: Ball
1-0: Ball
2-0: Ball
3-0: Called Strike
3-1: SINGLE (Groundball, 5L) (infield hit)
John Denton scores
Bob Warren to second
Batting: RHB Enrico Ramos 0-0: Ball
1-0: Ball
2-0: Ball
3-0: Base on Balls
Bob Warren to third
Shawn Marshall to second
Batting: LHB Ramón Morales 0-0: Foul Ball, location: 2F
0-1: Foul Ball, location: 2F
0-2: Strikes out swinging
Batting: RHB Dick Slagboom 0-0: Ball
1-0: Ball
2-0: Foul Ball, location: 2F
2-1: Ball
3-1: Base on Balls
Bob Warren scores
Shawn Marshall to third
Enrico Ramos to second
Batting: RHB Jesús Cabrera 0-0: Ball
1-0: DOUBLE (Line Drive, 89XD)
Shawn Marshall scores
Enrico Ramos scores
Dick Slagboom to third
Runner from 3rd tries for Home, SAFE, no throw
Pitching: LHP José Alaniz
Batting: RHB Eric Thompson 0-0: Called Strike
Jesús Cabrera steals 3rd base
0-1: Ball
1-1: Ball
2-1: Foul Ball, location: 2F
2-2: Ball
3-2: Base on Balls
Batting: LHB Alex Henderson 0-0: Ball
1-0: Called Strike
Eric Thompson is caught stealing 2nd base
1-1: Ball
2-1: Foul Ball, location: 2F
2-2: Ball
3-2: Base on Balls
Batting: RHB John Denton 0-0: Ball
1-0: Ball
2-0: Called Strike
2-1: Called Strike
Alex Henderson steals 2nd base
2-2: Ball
3-2: Base on Balls
Batting: SHB Bob Warren 0-0: Called Strike
0-1: Ball
1-1: SINGLE (Line Drive, 7S)
Jesús Cabrera scores
Alex Henderson to third
John Denton to second
Runner from 3rd tries for Home, SAFE, no throw
Batting: RHB Shawn Marshall 0-0: Ball
1-0: Ball
2-0: Ground out 4-3 (Groundball, 4MS)
Top of the 5th over - 7 run(s), 5 hit(s), 0 error(s), 2 left on base; Louisville 11 - Trenton 10
BOTTOM OF THE 5TH
Trenton Stars batting - Pitching for Louisville Bats : RHP Manny Canseco
Batting: LHB Jeff Gordon 0-0: Ball
1-0: Foul Ball, location: 2F
1-1: Swinging Strike
1-2: Strikes out looking
Batting: RHB Chris Cole 0-0: Called Strike
0-1: Ball
1-1: Ball
2-1: Ball
3-1: Called Strike
3-2: SINGLE (Groundball, 6D)
Pitching: RHP Guy Hebert
Batting: RHB Kenji Murayama 0-0: Called Strike
0-1: Called Strike
0-2: Ball
1-2: Ball
2-2: Ball
3-2: Base on Balls
Chris Cole to second
Batting: SHB Nick Marshall 0-0: Foul Ball, location: 2F
0-1: Ball
1-1: Foul Ball, location: 2F
1-2: Foul Ball, location: 2F
1-2: Foul Ball, location: 2F
1-2: Fly out, F5 (Flyball, 5D)
Batting: LHB Ju-wei Shiu 0-0: Ball
1-0: Called Strike
1-1: Ball
2-1: Foul Ball, location: 2F
2-2: Ball
3-2: Strikes out swinging
Bottom of the 5th over - 0 run(s), 1 hit(s), 0 error(s), 2 left on base; Louisville 11 - Trenton 10
TOP OF THE 6TH
Louisville Bats batting - Pitching for Trenton Stars : LHP José Alaniz
Batting: RHB Enrico Ramos 0-0: Called Strike
0-1: Called Strike
0-2: Ball
1-2: Strikes out swinging
Batting: LHB Ramón Morales 0-0: Ball
1-0: Foul Ball, location: 2F
1-1: Ball
2-1: Ball
3-1: Base on Balls
Batting: RHB Dick Slagboom 0-0: Ball
1-0: Ball
2-0: Ball
3-0: Base on Balls
Ramón Morales to second
Pitching: RHP Gilberto Martínez
Batting: RHB Jesús Cabrera 0-0: Ball
1-0: Foul Ball, location: 2F
1-1: Fly out, F9 (Flyball, 9)
Batting: RHB Eric Thompson 0-0: Ball
1-0: Foul Ball, location: 2F
1-1: Ball
2-1: Called Strike
2-2: Foul Ball, location: 2F
2-2: Strikes out looking
Top of the 6th over - 0 run(s), 0 hit(s), 0 error(s), 2 left on base; Louisville 11 - Trenton 10
BOTTOM OF THE 6TH
Trenton Stars batting - Pitching for Louisville Bats : RHP Guy Hebert
Batting: RHB Randy Simons 0-0: Called Strike
0-1: SOLO HOME RUN (Flyball, 8LXD), Distance : 434 ft
Batting: RHB Rafael Canales 0-0: Ball
1-0: Called Strike
1-1: Foul Ball, location: 2F
1-2: Ball
2-2: Ball
3-2: Base on Balls
Batting: LHB Ricardo Brandariz 0-0: Foul Ball, location: 2F
0-1: Called Strike
0-2: Foul Ball, location: 2F
0-2: Foul Ball, location: 2F
0-2: Strikes out swinging
Batting: RHB Jesús Dávila 0-0: Ball
1-0: Ball
2-0: Called Strike
2-1: Fly out, F9 (Flyball, 89S)
Batting: LHB Jeff Gordon 0-0: Called Strike
0-1: Ball
1-1: Ball
2-1: SINGLE (Groundball, 34D)
Rafael Canales to second
Throwing error, E9
Rafael Canales scores
Jeff Gordon to second
Pitching: RHP Tom McConnell
Batting: RHB Chris Cole 0-0: SINGLE (Line Drive, 8LS)
Jeff Gordon to third
Batting: RHB Kenji Murayama 0-0: Ball
1-0: Called Strike
1-1: Swinging Strike
1-2: Ball
2-2: SINGLE (Flyball, 89S)
Jeff Gordon scores
Chris Cole to second
Runner from 2nd tries for 3rd, OUT!
Bottom of the 6th over - 3 run(s), 4 hit(s), 1 error(s), 1 left on base; Louisville 11 - Trenton 13
TOP OF THE 7TH
Louisville Bats batting - Pitching for Trenton Stars : RHP Gilberto Martínez
Batting: LHB Alex Henderson 0-0: Called Strike
0-1: Foul Ball, location: 2F
0-2: Foul Ball, location: 2F
0-2: Foul Ball, location: 2F
0-2: Ball
1-2: DOUBLE (Flyball, 7D)
Batting: RHB John Denton 0-0: Ball
1-0: Ball
2-0: Ball
3-0: Called Strike
3-1: Called Strike
3-2: Foul Ball, location: 2F
3-2: Base on Balls
Batting: SHB Bob Warren 0-0: Ball
1-0: Foul Ball, location: 2F
1-1: Foul Ball, location: 2F
1-2: Ball
2-2: Ball
3-2: Strikes out swinging
Batting: RHB Shawn Marshall 0-0: Ball
1-0: Called Strike
1-1: Foul Ball, location: 2F
1-2: Foul Ball, location: 2F
1-2: Strikes out looking
Batting: RHB Enrico Ramos 0-0: Ball
1-0: Ball
2-0: Foul Ball, location: 2F
2-1: Ball
3-1: Base on Balls
Alex Henderson to third
John Denton to second
Pitching: RHP Denver Gallegos
Batting: LHB Ramón Morales 0-0: Called Strike
0-1: Ball
1-1: Foul Ball, location: 2F
1-2: Foul Ball, location: 2F
1-2: Strikes out swinging
Top of the 7th over - 0 run(s), 1 hit(s), 0 error(s), 3 left on base; Louisville 11 - Trenton 13
BOTTOM OF THE 7TH
Trenton Stars batting - Pitching for Louisville Bats : RHP Tom McConnell
Batting: SHB Nick Marshall 0-0: Ground out 4-3 (Groundball, 4M)
Batting: LHB Ju-wei Shiu 0-0: Fly out, F9 (Flyball, 9)
Batting: RHB Randy Simons 0-0: Ground out 6-3 (Groundball, 56)
Bottom of the 7th over - 0 run(s), 0 hit(s), 0 error(s), 0 left on base; Louisville 11 - Trenton 13
TOP OF THE 8TH
Louisville Bats batting - Pitching for Trenton Stars : RHP Denver Gallegos
Batting: RHB Dick Slagboom 0-0: Called Strike
0-1: Foul Ball, location: 2F
0-2: Foul Ball, location: 2F
0-2: Ball
1-2: Fly out, F7 (Flyball, 78S)
Batting: RHB Jesús Cabrera 0-0: Swinging Strike
0-1: Ball
1-1: Swinging Strike
1-2: DOUBLE (Line Drive, 7LM)
Batting: RHB Eric Thompson 0-0: Fly out, F8 (Flyball, 8LS)
Batting: LHB Alex Henderson 0-0: Foul Ball, location: 2F
0-1: SINGLE (Flyball, 9S)
Jesús Cabrera to third
Runner from 3rd tries for Home, SAFE, no throw
Batting: RHB John Denton 0-0: Ball
1-0: Swinging Strike
1-1: Fly out, F8 (Flyball, 89M)
Top of the 8th over - 1 run(s), 2 hit(s), 0 error(s), 1 left on base; Louisville 12 - Trenton 13
BOTTOM OF THE 8TH
Trenton Stars batting - Pitching for Louisville Bats : RHP Tom McConnell
Batting: RHB Rafael Canales 0-0: Called Strike
0-1: Ball
1-1: Fly out, F9 (Flyball, 89D)
Batting: LHB Ricardo Brandariz 0-0: Foul Ball, location: 2F
0-1: SINGLE (Line Drive, 7S)
Batting: RHB Jesús Dávila 0-0: Foul Ball, location: 2F
0-1: Ball
1-1: SINGLE (Line Drive, 78S)
Ricardo Brandariz to second
Batting: LHB Jeff Gordon 0-0: Ball
1-0: Called Strike
1-1: Swinging Strike
1-2: Ball
2-2: Ball
3-2: Base on Balls
Ricardo Brandariz to third
Jesús Dávila to second
Batting: RHB Chris Cole 0-0: Grounds into double play, 5-2-3 (Groundball, 56S)
Bottom of the 8th over - 0 run(s), 2 hit(s), 0 error(s), 2 left on base; Louisville 12 - Trenton 13
TOP OF THE 9TH
Louisville Bats batting - Pitching for Trenton Stars : RHP Denver Gallegos
Pitching: RHP Manuel Jimenen
Now at C: Gabriel Villegas
Now at 1B: Joe Fisher
Batting: SHB Bob Warren 0-0: Ball
1-0: Ball
2-0: Ground out 6-3 (Groundball, 56)
Batting: RHB Shawn Marshall 0-0: Ball
1-0: Ball
2-0: Foul Ball, location: 2F
2-1: Ball
3-1: Base on Balls
Batting: RHB Enrico Ramos 0-0: Ball
1-0: Ball
2-0: Ball
3-0: Base on Balls
Shawn Marshall to second
Batting: LHB Ramón Morales 0-0: Ball
1-0: Ball
Wild Pitch!
Shawn Marshall to third
Enrico Ramos to second
2-0: Ball
3-0: Base on Balls
Batting: RHB Dick Slagboom 0-0: Ball
1-0: Ball
2-0: Called Strike
2-1: Swinging Strike
2-2: Foul Ball, location: 2F
2-2: Foul Ball, location: 2F
2-2: Strikes out swinging
Batting: RHB Jesús Cabrera 0-0: Swinging Strike
0-1: Ball
1-1: Foul Ball, location: 2F
1-2: Strikes out swinging
Top of the 9th over - 0 run(s), 0 hit(s), 0 error(s), 3 left on base; Louisville 12 - Trenton 13
Tuesday, August 8th, 2017 - OOTP Baseball 17.12 Build 75